 Dungeon Crawl Stone Soup version 0.28-a0-906-g0406aca7d3 (webtiles) character file.

Game seed: 9202484804953585072

7132 vurker the Thaumaturge (level 10, 1/51 HPs)
             Began as a Felid Air Elementalist on Nov 23, 2021.
             Was an Elder of Vehumet.
             Quit the game on level 11 of the Dungeon.
             The game lasted 00:25:04 (20147 turns).

vurker the Thaumaturge (Felid Air Elementalist)    Turns: 20147, Time: 00:25:04

Health: 1/51       AC:  2    Str:  4    XL:     10   Next: 85%
Magic:  2/25       EV: 22    Int: 19    God:    Vehumet [****..]
Gold:   1464       SH:  5    Dex: 18    Spells: 20/30 levels left
                                        Lives:  1   Deaths: 1

rFire   . . .      SeeInvis +   (weapon unavailable)
rCold   . . .      Faith    .   (shield unavailable)
rNeg    . . .      Spirit   .   (armour unavailable)
rPois   .          Reflect  +   (helmet unavailable)
rElec   .          Harm     .   (cloak unavailable)
rCorr   .          Rampage  .   (gloves unavailable)
Will    .....                   (boots unavailable)
Stlth   ++........              k - amulet of reflection
HPRegen 0.17/turn               r - ring of wizardry
MPRegen 0.19/turn               w - ring of flight

@: weak-willed, flying, quick
A: very small, claws 1, fangs 3, see invisible, speed 1, shaggy fur 2, stealthy
paws, no weapons or thrown items, no armour, multi-lived
a: Renounce Religion


You were on level 11 of the Dungeon.
You worshipped Vehumet.
Vehumet was greatly pleased with you.
You visited 1 branch of the dungeon, and saw 11 of its levels.
You also visited: Ossuary.

You collected 1519 gold pieces.
You spent 55 gold pieces at shops.

Inventory:

Jewellery
 k - an amulet of reflection (around neck)
   (You took it off a wight on level 7 of the Dungeon)
 o - a ring of resist corrosion
   (You found it on level 3 of the Dungeon)
 r - a ring of wizardry (left paw)
   (You found it on level 4 of the Dungeon)
 w - a ring of flight (right paw)
   (You found it on level 8 of the Dungeon)
 x - a ring of willpower
   (You found it on level 8 of the Dungeon)
Wands
 d - a wand of iceblast (21)
   (You took it off Ijyb on level 4 of the Dungeon)
 i - a wand of polymorph (5)
   (You took it off a wight on level 7 of the Dungeon)
 t - a wand of flame (9)
   (You found it on level 7 of the Dungeon)
 u - a wand of mindburst (15)
   (You found it on level 8 of the Dungeon)
Scrolls
 b - 3 scrolls of blinking
 g - 2 scrolls of immolation
 h - a scroll of identify
 q - 2 scrolls of fear
 s - a scroll of magic mapping
 y - a scroll of teleportation
Potions
 a - a potion of heal wounds
 c - 2 potions of mutation
 e - a potion of magic {unknown}
 f - a potion of resistance
 j - 7 potions of curing
 m - a potion of haste {unknown}
 n - 3 potions of lignification
 v - a potion of invisibility


   Skills:
 * Level 9.8 Fighting
 + Level 7.5 Dodging
 - Level 2.6 Stealth
 * Level 10.9 Spellcasting
 - Level 3.0 Conjurations
 - Level 3.0 Ice Magic
 - Level 9.0 Air Magic


You had 20 spell levels left.
You knew the following spells:

 Your Spells              Type           Power      Damage    Failure   Level
a - Shock                 Conj/Air       100%       1d9       1%          1
c - Airstrike             Air            22%        N/A       1%          4
z - Freezing Cloud        Conj/Ice/Air   14%        6-21      3%          5

Your spell library contained the following spells:

 Spells                   Type           Power      Damage    Failure   Level
 Sandblast                Erth           20%        2d7       1%          1
 Static Discharge         Conj/Air       33%        N/A       1%          2
 Stone Arrow              Conj/Erth      32%        3d9       1%          3
 Swiftness                Air            44%        N/A       1%          3
 Passwall                 Tmut/Erth      8%         N/A       4%          2
 Summon Ice Beast         Ice/Summ       16%        N/A       16%         4
 Summon Mana Viper        Hex/Summ       10%        N/A       56%         5
 Monstrous Menagerie      Summ           5%         N/A       100%        7


Dungeon Overview and Level Annotations

Branches:
Dungeon (11/15)            Temple (0/1) D:4            Lair (0/6) D:8
Ossuary (visited)
    Orc: D:9-12

Altars:
Dithmenos
Gozag
Hepliaklqana
Vehumet
Wu Jian
Xom
The Shining One

Shops:
D:7 *[   D:10 *[[[(

Annotations:
D:3 2 transporters, mcbry74's ghost, amateur MfIE
D:8 1 runed translucent door, qborf's ghost, novice FeBe
D:10 1 runed translucent door


Innate Abilities, Weirdness & Mutations

You have sharp claws.
You have razor-sharp teeth.
You have supernaturally acute eyesight. (SInv)
You cover ground quickly. (Speed+)
You are covered in thick fur. (AC +2)
Your paws help you pounce on unaware monsters.
You are incapable of wielding weapons or throwing items.
You cannot wear armour.
You gain extra lives every three experience levels.


Message History

The air twists around and strikes the deep elf pyromancer!
You kill the deep elf pyromancer!
Vehumet accepts your kill.
You feel your power returning.
The fire elemental disappears in a puff of smoke! x2
You can't see any susceptible monsters within range! (Use Z to cast anyway.)
Things that are here:
a +0 long sword; a +0 leather armour; an elf corpse
There is an open door here.
There is an open door here.
There is an open door here.
Could not explore, unopened runed door.
Could not explore, unopened runed door.
Could not explore, unopened runed door.
There is an open door here.
There is an open door here.
You reach down and open the door.
There is an open door here.
There is an open door here.
There is a stone staircase leading down here.
You fly downwards.
Found 18 bolts.
There is a stone staircase leading up here.
Found a glowing robe.
Found a stone staircase leading down.
There is a stone staircase leading down here.
Found 29 sling bullets.
The phantasmal warrior gestures at you.
The phantasmal warrior blinks!
Aim: a phantasmal warrior (empty space bonus: 6/8)
The air twists around and strikes the phantasmal warrior!
Aim: a phantasmal warrior (lightly damaged, empty space bonus: 4/8)
The air twists around and strikes the phantasmal warrior!
You hear a shout!
Aim: a phantasmal warrior (moderately damaged, empty space bonus: 4/8)
The air twists around and strikes the phantasmal warrior.
Aim: a phantasmal warrior (heavily damaged, empty space bonus: 2/8)
The air twists around and strikes the phantasmal warrior.
The phantasmal warrior gestures at you.
The phantasmal warrior blinks!
Aim: a phantasmal warrior (heavily damaged, empty space bonus: 2/8)
The air twists around and strikes the phantasmal warrior!
The phantasmal warrior hits you!!
Your willpower is stripped away!
The phantasmal warrior completely misses you.
Aim: a phantasmal warrior (severely damaged, empty space bonus: 2/8)
The air twists around and strikes the phantasmal warrior!
The phantasmal warrior hits you!!
Ouch! That really hurt!
* * * LOW HITPOINT WARNING * * *
The phantasmal warrior closely misses you.

..........
.........### #.#
..........# #.#
.....#.##.###.#
#.#....#...##.# #
#p#.#.........#
.####.#W#.#.##... #.#
.......@W...###.###.#
........##..........#
#.###.####..###.###.#
##.####..###.# #.#
#............# #>#
...####..#######.#
(...# #......#...#
#.#########.#
#..###.#.###
#.....<..(#.# #..#
#.#.#


You could see a death knight and 2 phantasmal warriors.

Vanquished Creatures
  Gastronok (D:8)
  Erica (D:10)
  3 death yaks
  Pikel (D:6)
  A deep elf pyromancer (D:10)
  2 ugly things
  Prince Ribbit (D:8)
  4 slime creatures (D:9)
  10 yaks
  A wyvern (D:9)
  An ice beast (D:8)
  A black bear (D:5)
  A necrophage (D:6)
  4 orc warriors
  3 ogres
  2 centaurs
  A lemure (D:6)
  A phantom (D:5)
  A gnoll sergeant (D:9)
  A wyvern zombie (D:7)
  6 bullfrogs
  A water moccasin zombie (D:6)
  2 scorpions
  22 killer bees
  8 wights
  2 howler monkeys
  5 centaur zombies
  2 bullfrog zombies
  3 hounds
  A human zombie (Ossuary)
  A gnoll shaman (D:5)
  8 orc priests
  2 jellies (D:6)
  A bullfrog skeleton (D:6)
  A centaur skeleton (D:7)
  4 iguanas
  Ijyb (D:4)
  Terence (D:2)
  12 orc wizards
  3 hell rats (D:8)
  2 mummies (Ossuary)
  Robin (D:3)
  9 gnolls
  4 adders
  2 river rats (D:8)
  A white imp (D:5)
  An adder zombie (Ossuary)
  An adder skeleton (D:4)
  3 worms
  A dart slug (D:1)
  36 orcs
  5 ball pythons
  8 endoplasms
  4 giant cockroaches
  8 hobgoblins
  11 jackals
  3 quokkas
  2 bats
  17 goblins
  A goblin zombie (Ossuary)
  13 hobgoblin zombies (Ossuary)
  A jackal zombie (Ossuary)
  7 kobolds
  12 kobold zombies (Ossuary)
  6 orc zombies (Ossuary)
  5 rats
  A rat zombie (Ossuary)
292 creatures vanquished.

Vanquished Creatures (others)
  9 plants (D:2)
9 creatures vanquished.

Grand Total: 301 creatures vanquished

Notes
Turn   | Place    | Note
-------+----------+-------------------------------------------
     0 | D:1      | vurker the Felid Air Elementalist began the quest for the
                  | Orb.
     0 | D:1      | Reached XP level 1. HP: 7/7 MP: 4/4
   163 | D:1      | Reached skill level 1 in Conjurations
   205 | D:1      | Reached XP level 2. HP: 6/12 MP: 0/6
   617 | D:1      | Found a faded altar of an unknown god.
  1041 | D:2      | Reached XP level 3. HP: 15/15 MP: 3/7
  1084 | D:2      | Noticed Terence
  1564 | D:2      | Reached skill level 1 in Fighting
  1986 | D:2      | Killed Terence
  2153 | D:3      | Noticed Robin
  2190 | D:2      | Reached XP level 4. HP: 7/19 MP: 6/9
  2771 | D:3      | Noticed mcbry74's ghost (amateur MfIE)
  2854 | D:3      | Found a radiant altar of Vehumet.
  2864 | D:3      | Became a worshipper of Vehumet
  2917 | D:3      | Found a transporter.
  2953 | D:3      | Found a shadowy altar of Dithmenos.
  3034 | D:3      | Found a transporter.
  3434 | D:3      | Reached skill level 3 in Spellcasting
  3504 | D:3      | Killed Robin
  3612 | D:3      | Learned a level 4 spell: Airstrike
  3667 | D:3      | Reached XP level 5. HP: 22/22 MP: 7/10
  3922 | D:4      | Reached * piety under Vehumet
  3922 | D:4      | Offered knowledge of Magic Dart by Vehumet.
  3997 | D:4      | Found a staircase to the Ecumenical Temple.
  4510 | D:4      | Noticed an ogre
  4537 | D:4      | Killed an ogre
  4541 | D:4      | Gained mutation: You are covered in thick fur. (AC +2)
                  | [Felid growth]
  4541 | D:4      | Reached XP level 6. HP: 26/26 MP: 6/12
  4773 | D:4      | Noticed Ijyb
  5231 | D:4      | HP: 1/26 [Ijyb/iceblast (14)]
  5556 | D:4      | Found a glowing golden altar of the Shining One.
  5910 | D:4      | Killed Ijyb
  6036 | D:4      | Found a glowing golden altar of the Shining One.
  6101 | D:4      | Found a staircase to the Ecumenical Temple.
  6375 | D:5      | Entered Level 5 of the Dungeon
  6544 | D:5      | Reached skill level 4 in Spellcasting
  6805 | D:5      | Found a sand-covered staircase.
  6813 | D:5      | Reached XP level 7. HP: 22/30 MP: 9/14
  6891 | Ossuary  | Entered an ossuary
  7197 | Ossuary  | Offered knowledge of Sandblast by Vehumet.
  7231 | Ossuary  | Reached ** piety under Vehumet
  7555 | Ossuary  | Reached skill level 5 in Air Magic
  7995 | D:5      | Reached skill level 5 in Spellcasting
  8088 | D:5      | Reached XP level 8. HP: 19/34 MP: 3/16
  8373 | D:5      | Identified the +10 whip of Qenoenkic {speed, Fly}
  8381 | D:5      | Offered knowledge of Frozen Ramparts by Vehumet.
  8735 | D:5      | Reached *** piety under Vehumet
  9908 | D:6      | Reached skill level 6 in Spellcasting
 10091 | D:6      | Noticed Pikel
 10096 | D:6      | Killed Pikel
 10424 | D:6      | Reached skill level 5 in Fighting
 10424 | D:6      | Reached skill level 7 in Spellcasting
 10424 | D:6      | Reached XP level 9. HP: 38/40 MP: 12/20
 11458 | D:7      | Reached skill level 8 in Spellcasting
 11589 | D:7      | Offered knowledge of Fulminant Prism by Vehumet.
 12072 | D:7      | Found an ornate altar of the Wu Jian Council.
 12466 | D:7      | Found Fynut's Assorted Antiques.
 12478 | D:7      | Bought a brown potion for 26 gold pieces
 12478 | D:7      | Bought a scroll labelled XIECRESERI for 29 gold pieces
 12496 | D:7      | Found Bufaomaw's Antique Armour Boutique.
 12518 | D:7      | Reached XP level 10. HP: 45/45 MP: 12/23
 12642 | D:7      | Found a hazy altar of Hepliaklqana.
 12643 | D:7      | Found a shimmering altar of Xom.
 12834 | D:8      | Noticed a death yak
 12834 | D:8      | Noticed a death yak
 12834 | D:8      | Found a staircase to the Lair.
 12837 | D:8      | Noticed a death yak
 12860 | D:7      | Killed a death yak
 13164 | D:8      | Found a runed translucent door.
 13276 | D:8      | Found a shimmering altar of Xom.
 13276 | D:8      | Noticed qborf's ghost (novice FeBe)
 13277 | D:8      | Noticed a +1 short sword of chaos
 13323 | D:8      | Found an opulent altar of Gozag.
 13333 | D:8      | Reached **** piety under Vehumet
 13649 | D:8      | Offered knowledge of Freezing Cloud by Vehumet.
 14048 | D:8      | Noticed Prince Ribbit
 14051 | D:8      | Killed Prince Ribbit
 14125 | D:8      | Learned a level 5 spell: Freezing Cloud
 14138 | D:8      | Reached skill level 9 in Spellcasting
 14499 | D:8      | Reached skill level 1 in Ice Magic
 14636 | D:8      | Noticed Gastronok
 14880 | D:8      | Killed a death yak
 15542 | D:8      | Killed Gastronok
 15543 | D:8      | Reached skill level 5 in Dodging
 15780 | D:8      | Killed a death yak
 15781 | D:8      | Reached XP level 11. HP: 43/51 MP: 7/25
 15991 | D:8      | Found an opulent altar of Gozag.
 16088 | D:8      | Found a staircase to the Lair.
 16547 | D:9      | Reached skill level 10 in Spellcasting
 16750 | D:9      | Noticed a cyan ugly thing
 16754 | D:9      | Killed a cyan ugly thing
 17628 | D:9      | Identified a scroll of acquirement
 17628 | D:9      | Acquired 959 gold pieces
 18551 | D:10     | Entered Level 10 of the Dungeon
 18551 | D:10     | Noticed Erica
 18551 | D:10     | Found Fyxe's Armour Boutique.
 18558 | D:10     | Killed Erica
 18674 | D:10     | Found Cuamug's Antique Armour Boutique.
 18974 | D:10     | Found Jofanubi's General Store.
 19065 | D:10     | Found Zoqykav's Antique Armour Boutique.
 19411 | D:10     | Found Nomichy's Weapon Shop.
 19552 | D:10     | Found a runed translucent door.
 19552 | D:10     | Noticed a red ugly thing
 19641 | D:10     | Engulfed by a cloud of freezing vapour
 19642 | D:10     | Reached XP level 10. HP: -11/49 MP: 5/25
 19642 | D:10     | Killed a red ugly thing
 19834 | D:10     | Noticed a deep elf knight
 19877 | D:11     | Noticed a deep elf pyromancer
 19877 | D:11     | Noticed a death knight
 19877 | D:11     | Noticed a phantasmal warrior
 19877 | D:11     | Noticed a phantasmal warrior
 19885 | D:10     | Killed a deep elf pyromancer
 20146 | D:11     | HP: 1/51 [phantasmal warrior[a death knight] (32)]
 20147 | D:11     | Quit the game

Illustrated notes

Levels and vault maps discovered:
D:1:      minmay_arrival_loop, layout_rooms,
          hellmonk_ecumenical_altar_arch_garden
D:2:      wander_river, layout_basic, serial_bayou_lagoon_b, uniq_terence
D:3:      layout_rooms, mainiacjoe_overflow_six_doors_small,
          overflow_temple_1_default, gammafunk_ghost_stat_death,
          kennysheep_path_1, uniq_robin
D:4:      layout_basic, tso_oasis_becter, minmay_temple_entry_slanted, uniq_ijyb
D:5:      layout_loops_ring, nicolae_ossuary_entry_plus, minmay_fountain_box
D:6:      layout_rooms, uniq_pikel
D:7:      nicolae_BIG_FREAKIN_CUBE, layout_cave_pools,
          regret_index_temple_of_mockery, mainiacjoe_overflow_tiny_flanked,
          serial_shops, shop, shop_fountains
D:8:      layout_gridville, overflow_temple_1_default, dpeg_lair_monsters,
          ebering_ghost_xom, uniq_prince_ribbit1, uniq_gastronok
D:9:      layout_cave_pools
D:10:     layout_basic, serial_shops, nicolae_diamond_shop,
          nicolae_stop_n_shop_2, shop, nicolae_shop_trees,
          nicolae_shop_statue_plus, minivault_13, uniq_erica
D:11:     layout_loops_ring

Skill      XL: |  1  2  3  4  5  6  7  8  9 10 11 |
---------------+----------------------------------+-----
Conjurations   | 1 2 3 |  3.0
Air Magic      | 3 4 5 7 8 9 |  9.0
Fighting       | 1 2 3 5 6 8 9 |  9.8
Spellcasting   | 3 4 5 7 8 9 10 | 10.9
Dodging        | 5 7 |  7.5
Ice Magic      | 2 3 |  3.0
Stealth        | |  2.6

Action                   |  1- 3 |  4- 6 |  7- 9 | 10-12 || total
-------------------------+-------+-------+-------+-------++-------
Melee: Unarmed           |    13 |       |     4 |     2 ||    19
       Bite              |     2 |       |     1 |       ||     3
 Cast: Shock             |    78 |   196 |   277 |    52 ||   603
       Airstrike         |       |     6 |    74 |   163 ||   243
       Freezing Cloud    |       |       |       |    13 ||    13
Evoke: Wand              |       |       |     3 |     3 ||     6
  Use: Scroll            |       |    12 |     3 |     5 ||    20
       Potion            |       |       |     1 |     3 ||     4
Armor: Skin              |     3 |     2 |    16 |    35 ||    56
Dodge: Dodged            |    23 |    55 |    56 |    41 ||   175
Block: Other             |       |       |       |    16 ||    16
       Reflection        |       |       |       |     3 ||     3

Table legend: (Time is in decaauts)
 A = Elapsed time spent in this place.
 B = Non-inter-level travel time spent in this place.
 C = Inter-level travel time spent in this place.
 D = Time resting spent in this place.
 E = Time spent auto-exploring this place.
 F = Levels seen in this place.
 G = Mean time per level.
                   A        B        C        D        E       F      G
               +--------+--------+--------+--------+--------+-----+--------+
         Total |  18507 |  17897 |    610 |   3241 |  12367 |  12 | 1542.2 |
       Dungeon |  17650 |  17040 |    610 |   3241 |  11759 |  11 | 1604.5 |
       Ossuary |    857 |    857 |      0 |      0 |    608 |   1 |  857.0 |
               +--------+--------+--------+--------+--------+-----+--------+

Top non-repeatable levels by time:
     D:8: 3370 daAuts
     D:5: 2188 daAuts
     D:3: 2014 daAuts
     D:4: 1905 daAuts
     D:7: 1678 daAuts
     D:6: 1560 daAuts
     D:9: 1355 daAuts
     D:2: 1339 daAuts
    D:10: 1227 daAuts
     D:1: 952 daAuts
 Ossuary: 857 daAuts
    D:11: 58 daAuts
